 Dungeon Crawl Stone Soup version 0.27-a0-1202-ge72e49191c (webtiles) character file.

Game seed: 5901372877025613401

25 Delamore the Skirmisher (level 3, -4/30 HPs)
             Began as a Formicid Fighter on June 4, 2021.
             Slain by a gnoll
             ... wielding a +0 halberd
              (11 damage)
             ... on level 2 of the Dungeon.
             The game lasted 00:00:51 (1314 turns).

Delamore the Skirmisher (Formicid Fighter)          Turns: 1314, Time: 00:00:51

Health: -4/30      AC:  6    Str: 21    XL:     3   Next: 20%
Magic:  3/3        EV:  8    Int:  7    God:
Gold:   58         SH:  9    Dex: 10    Spells: 2/2 levels left

rFire    . . .     SeeInvis +   a - +0 trident
rCold    . . .     Faith    .   c - +0 kite shield
rNeg     . . .     Spirit   .   b - +0 scale mail
rPois    .         Reflect  .   (helmet unavailable)
rElec    .         Harm     .   (no cloak)
rCorr    .         Rampage  .   (no gloves)
Will     .....                  (no boots)
Stlth    ..........             (no amulet)
HPRegen  0.10/turn              (no ring)
MPRegen  0.08/turn              (no ring)

@: no status effects
A: permanent stasis, dig shafts and tunnels, antennae 3, four strong arms
a: Dig, Shaft Self


You were on level 2 of the Dungeon.
You visited 1 branch of the dungeon, and saw 2 of its levels.

You collected 58 gold pieces.

Inventory:

Hand Weapons
 a - a +0 trident (weapon)
Missiles
 h - 4 curare-tipped darts
Armour
 b - a +0 scale mail (worn)
 c - a +0 kite shield (worn)
Potions
 d - a potion of might
 e - 2 potions of curing {unknown}
 f - a potion of heal wounds {unknown}


   Skills:
 + Level 3.7 Fighting
 * Level 3.0 Polearms
 - Level 3.2 Armour
 - Level 3.6 Shields


You had 2 spell levels left.
You didn't know any spells.
Your spell library contained the following spells:

 Spells                   Type           Power      Damage    Failure   Level
 Animate Skeleton         Necr           0%         N/A       99%         1
 Pain                     Necr           0%         1d4       99%         1
 Vampiric Draining        Necr           0%         2d6       100%        3
 Animate Dead             Necr           0%         N/A       100%        4
 Agony                    Necr           0%         N/A       100%        5


Dungeon Overview and Level Annotations

Branches:
Dungeon (2/15)

Altars:


Innate Abilities, Weirdness & Mutations

You cannot be hasted, slowed, berserked, paralysed or teleported.
You can dig through walls and to a lower floor.
You have a pair of large antennae on your head. (SInv)
Your four strong arms can wield two-handed weapons with a shield.


Message History

As you read the scroll labelled ZUXYERCHY ABLOS, it crumbles to dust.
The scroll dissolves into smoke.
It was a scroll of fog.
HP restored.
A gnoll comes into view. It is wielding a +0 spear.
A gnoll is nearby!
A gnoll is nearby!
No target in view!
No target in view!
A gnoll comes into view. It is wielding a +0 halberd.
The gnoll shouts!
You hear a shout!
The gnoll throws a throwing net.
The throwing net closely misses you.
You see here a throwing net.
A gnoll comes into view. It is wielding a +3 flail.
The gnoll shouts! x2
A quokka comes into view.
The gnoll barely misses you.
You reach to attack!
You hit the gnoll.
The gnoll is moderately wounded.
The gnoll hits you but does no damage.
You closely miss the quokka.
The quokka bites you but does no damage.
The gnoll hits you but does no damage. The quokka bites you.
You block the gnoll's attack.
You closely miss the quokka. You block the gnoll's attack.
The quokka bites you.
The gnoll hits you from afar with a +0 spear.
You block the gnoll's attack.
The quokka bites you but does no damage.
You closely miss the quokka.
The gnoll hits you from afar with a +0 spear.
The quokka bites you but does no damage.
The gnoll hits you from afar with a +0 halberd.
You hit the gnoll.
The gnoll is heavily wounded.
You block the quokka's attack.
The gnoll hits you from afar with a +0 spear.
The gnoll hits you with a +3 flail!
* * * LOW HITPOINT WARNING * * *
The gnoll hits you from afar with a +0 halberd!
You die...

## #### . ..# #.
#.# {
###..####.#######
.....#....§§§§§§#
.....g.##.#§#§#§#
.#...gg##.#§#§#.#
......r@(.#.#...#
.####.#####.###.#
# #.# #.# #.. ..#
### #.#


You could see 3 gnolls and a quokka.

Vanquished Creatures
  A gnoll (D:1)
  3 endoplasms (D:1)
  A goblin (D:1)
  3 hobgoblins (D:1)
  2 kobolds (D:1)
  2 bats
  2 frilled lizards (D:1)
  A rat (D:1)
15 creatures vanquished.

Vanquished Creatures (others)
  A plant (D:1)
1 creature vanquished.

Grand Total: 16 creatures vanquished

Notes
Turn   | Place    | Note
-------+----------+-------------------------------------------
     0 | D:1      | Delamore the Formicid Fighter began the quest for the Orb.
     0 | D:1      | Reached XP level 1. HP: 18/18 MP: 1/1
   149 | D:1      | Reached XP level 2. HP: 7/24 MP: 2/2
   813 | D:1      | Reached XP level 3. HP: 30/30 MP: 3/3
  1314 | D:2      | Slain by a gnoll

Illustrated notes

Levels and vault maps discovered:
D:1:      shiori_arrival_maze, layout_loops_corners, hex_tiny,
          chequers_big_river
D:2:      layout_loops_cross, ebering_ecumenical_altar_abandoned,
          minmay_misc_feat_square

Skill      XL: |  1  2  3 |
---------------+----------+-----
Polearms       | 3 |  3.0
Fighting       | |  3.7
Armour         | |  3.2
Shields        | |  3.6

Action                   || total
-------------------------++-------
Melee: Trident           ||    55
  Use: Scroll            ||     1
Armor: Scale mail        ||    20
Dodge: Dodged            ||    14
Block: Kite shield       ||    19

Table legend: (Time is in decaauts)
 A = Elapsed time spent in this place.
 B = Non-inter-level travel time spent in this place.
 C = Inter-level travel time spent in this place.
 D = Time resting spent in this place.
 E = Time spent auto-exploring this place.
 F = Levels seen in this place.
 G = Mean time per level.
                   A        B        C        D        E       F      G
               +--------+--------+--------+--------+--------+-----+--------+
         Total |   1348 |   1314 |     34 |    200 |    954 |   2 |  674.0 |
       Dungeon |   1348 |   1314 |     34 |    200 |    954 |   2 |  674.0 |
               +--------+--------+--------+--------+--------+-----+--------+

Top non-repeatable levels by time:
     D:1: 1316 daAuts
     D:2: 32 daAuts
